 Dungeon Crawl Stone Soup version 0.23.2-1-ga50397a6bc (webtiles) character file.

Game seed: 17271701362360640400

325 Mrkan the Covered (level 6, -1/57 HPs)
             Began as a Deep Dwarf Fighter on May 19, 2019.
             Slain by an ogre
             ... wielding a +0 giant club
              (8 damage)
             ... on level 4 of the Dungeon.
             The game lasted 00:04:32 (2456 turns).

Mrkan the Covered (Deep Dwarf Fighter)              Turns: 2456, Time: 00:04:32

Health: -1/57      AC:  7    Str: 22    XL:     6   Next: 24%
Magic:  6/6        EV:  7    Int:  8    God:
Gold:   136        SH: 10    Dex: 12    Spells: 5/5 levels left

rFire    . . .     SeeInvis .   a - +0 flail
rCold    . . .     Gourm    .   c - +0 shield
rNeg     . . .     Faith    .   b - +0 scale mail
rPois    .         Spirit   .   (no helmet)
rElec    .         Reflect  .   (no cloak)
rCorr    .         Harm     .   (no gloves)
MR       .....                  (no boots)
Stlth    ..........             (no amulet)
HPRegen  0.00/turn              (no ring)
MPRegen  0.10/turn              (no ring)

@: non-regenerating
A: damage resistance, heal wounds, sense surroundings 1, no regeneration
a: Heal Wounds


You were on level 4 of the Dungeon.
You were not hungry.

You visited 1 branch of the dungeon, and saw 4 of its levels.

You collected 136 gold pieces.

Inventory:

Hand Weapons
 a - a +0 flail (weapon)
Armour
 b - a +0 scale mail (worn)
 c - a +0 shield (worn)
Jewellery
 q - an uncursed ring of protection from fire {unknown}
 x - a cursed ring of attention {unknown}
Wands
 w - a wand of clouds (4)
Scrolls
 e - 2 scrolls of fear {unknown}
 h - 4 scrolls of remove curse {unknown}
 i - 12 scrolls of identify {unknown}
 j - a scroll of magic mapping {unknown}
 k - a scroll of fog {unknown}
 n - a scroll of enchant weapon {unknown}
 o - 2 scrolls of amnesia {unknown}
 u - 3 scrolls of teleportation {unknown}
Potions
 d - a potion of might
 g - a potion of curing {unknown}
 l - a potion of haste {unknown}
 m - a potion of ambrosia {unknown}
 p - a potion of agility {unknown}
 r - a potion of brilliance {unknown}
 s - a potion of degeneration {unknown}
 t - a potion of invisibility {unknown}
 v - a potion of resistance {unknown}
 z - a potion of mutation {unknown}
Comestibles
 f - 5 rations
 A - a chunk of flesh


   Skills:
 + Level 3.7 Fighting
 * Level 4.4 Maces & Flails
 + Level 4.6 Armour
 + Level 4.5 Shields


You had 5 spell levels left.
You didn't know any spells.
Your spell library was empty.

Dungeon Overview and Level Annotations

Branches:
Dungeon (4/15)
 Temple: D:4-7

Altars:
Dithmenos
The Shining One


Innate Abilities, Weirdness & Mutations

You are resistant to damage.
You can heal yourself by infusing magical energy.
You passively map a small area around you.
You do not regenerate.


Message History

Your scale mail prevents you from hitting the ogre.
The ogre hits you with a +0 giant club!
You hit the ogre.
The ogre is lightly wounded.
You block the worker ant's attack.
The ogre hits you with a +0 giant club!!
The worker ant barely misses you.
You sock the ogre!
The ogre is heavily wounded.
The worker ant bites you. The ogre completely misses you.
The worker ant completely misses you.
You hit the ogre.
The ogre is heavily wounded.
The ogre hits you with a +0 giant club!
* * * LOW HITPOINT WARNING * * *
You block the worker ant's attack.
You hit the ogre.
The ogre is severely wounded.
You block the worker ant's attack. The ogre hits you with a +0 giant club!
You die...

#.......# ,
#.......# ,
#.......#
######.......# * ,
#............# *
+............#
#............###.#
#...a............#
*
#..@O..####'####.#
#####.## #.# , #.#
#.# *, #.# #†# #.#
#.#### , #.#
#...<#, #.#
######,* #.#, ,
#.#, *


You could see an ogre and a worker ant.

Vanquished Creatures
  A hippogriff (D:2)
  5 adders
  A howler monkey skeleton (D:3)
  A worm (D:2)
  5 dart slugs
  2 leopard geckos
  2 ball pythons
  4 giant cockroaches
  5 goblins
  8 hobgoblins
  4 jackals
  4 quokkas
  6 bats
  2 frilled lizards
  17 kobolds
  2 quokka skeletons (D:4)
  6 rats
75 creatures vanquished.

Notes
Turn   | Place    | Note
-------+----------+-------------------------------------------
     0 | D:1      | Mrkan the Deep Dwarf Fighter began the quest for the Orb.
     0 | D:1      | Reached XP level 1. HP: 20/20 MP: 1/1
    86 | D:1      | Reached XP level 2. HP: 25/27 MP: 2/2
   799 | D:2      | Reached XP level 3. HP: 32/34 MP: 3/3
  1034 | D:2      | Reached XP level 4. HP: 37/42 MP: 4/4
  1358 | D:2      | Noticed a hippogriff
  1419 | D:2      | Killed a hippogriff
  1419 | D:2      | Reached XP level 5. HP: 33/49 MP: 5/5
  1518 | D:2      | Reached XP level 6. HP: 37/56 MP: 6/6
  1818 | D:3      | Found a shadowy altar of Dithmenos.
  1860 | D:3      | Found a glowing golden altar of the Shining One.
  2456 | D:4      | Slain by an ogre

Skill      XL: |  1  2  3  4 |
---------------+-------------+-----
Fighting       | 3 |  3.7
Maces & Flails | 3 4 |  4.4
Armour         | 4 |  4.6
Shields        | 4 |  4.5

Action                   |  1- 3 |  4- 6 || total
-------------------------+-------+-------++-------
Melee: Flail             |   106 |   138 ||   244
 Abil: Heal Wounds       |       |     3 ||     3
  Eat: Chunk             |       |     5 ||     5
Armor: Scale mail        |    29 |    60 ||    89
Dodge: Dodged            |    31 |    49 ||    80
Block: Shield            |    53 |    95 ||   148
